Map: Nightshade LE

Players

TSGSolar (Solar)

  • Race: Zerg Zerg
  • League: Master
  • Spawn Location: 5:00

SpeCial - Winner!

  • Race: Terran Terran
  • League: Master
  • Spawn Location: 11:00

VOD

Have the link to the VOD?

Description

Time

  • Played on: Jan. 7, 2020, 6:23 p.m.
  • Length: 16:58
Show
View Real Time Build Order
Export as new Build Order

TSGSolar Zerg 

Build Orders: Hatch First, Muta Ling Bane 

Get SALT Encoding   

  12  0:02  Drone  
  13  0:12  Overlord  
  13  0:17  Drone  
  14  0:31  Drone x2  
  16  0:47  Hatchery  
  15  0:51  Drone  
  15  0:54  Drone  
  17  0:58  Drone  
  18  1:09  Extractor  
  17  1:13  Spawning Pool  
  17  1:16  Drone  
  17  1:20  Drone  
  18  1:30  Drone  
  19  1:40  Drone  
  20  1:49  Overlord  
  20  2:00  Zergling x4, Queen x2  
  26  2:11  Zergling x4  
  26  2:15  Metabolic Boost  
  28  2:21  Drone  
  28  2:22  Drone  
  30  2:36  Queen, Overlord  
  32  2:39  Zergling x2  
  32  2:43  Zergling x2  
  34  2:44  Drone  
  34  2:59  Drone x2  
  34  3:03  Overlord  
  36  3:09  Drone  
  36  3:11  Overlord  
  37  3:14  Drone x2  
  37  3:15  Drone  
  37  3:17  Overlord  
  37  3:18  Drone x2  
  37  3:19  Drone  
  43  3:27  Drone x2  
  45  3:38  Hatchery  
  45  3:40  Overlord  
  44  3:41  Drone  
  44  3:46  Drone  
  44  3:47  Drone x5  
  51  3:51  Queen  
  53  3:59  Drone x2  
  55  4:03  Drone  
  55  4:04  Drone  
  57  4:11  Drone  
  57  4:14  Roach Warren  
  57  4:16  Drone  
  58  4:19  Drone x6  
  58  4:21  Extractor  
  58  4:22  Extractor  
  62  4:26  Drone x2  
  62  4:28  Lair  
  62  4:29  Queen  
  66  4:36  Overlord  
  66  4:38  Drone  
  67  4:46  Drone  
  67  4:51  Queen  
  70  4:53  Drone x4  
  70  4:56  Drone  
  70  4:58  Spore Crawler x2, Overlord  
  73  5:00  Roach  
  73  5:01  Roach x2  
  73  5:02  Drone  
  73  5:05  Drone  
  81  5:07  Spore Crawler  
  81  5:10  Drone  
  81  5:13  Overlord  
  80  5:17  Roach  
  80  5:18  Overlord  
  80  5:21  Drone x2  
  84  5:22  Extractor x2, Drone x2  
  84  5:27  Overseer  
  84  5:28  Drone x4  
  84  5:32  Spire  
  84  5:33  Overlord  
  87  5:40  Drone x4  
  87  5:41  Extractor  
  87  5:42  Overlord  
  90  5:48  Glial Reconstitution  
  90  5:50  Roach x3  
  90  5:52  Overlord  
  95  5:57  Drone  
  95  5:59  Drone  
  95  6:02  Drone x2  
  95  6:03  Drone  
  99  6:09  Zergling x6  
  99  6:11  Overlord  
  102  6:12  Drone x2  
  102  6:13  Drone  
  102  6:17  Evolution Chamber  
  103  6:23  Drone  
  103  6:25  Drone x2  
  101  6:26  Drone  
  101  6:31  Drone  
  103  6:34  Drone x2  
  103  6:35  Overseer  
  103  6:37  Queen  
  101  6:45  Mutalisk  
  101  6:46  Mutalisk x5  
  105  6:47  Drone x3  
  105  6:52  Drone x2  
  110  6:58  Drone  
  111  7:02  Drone x2  
  111  7:07  Hatchery  
  111  7:08  Drone  
  112  7:09  Drone x2, Evolution Chamber x2  
  112  7:10  Drone x2, Baneling Nest  
  113  7:17  Overlord  
  113  7:18  Drone  
  113  7:19  Drone x2  
  116  7:23  Overlord  
  116  7:28  Infestation Pit  
  121  7:30  Roach x4  
  121  7:31  Zergling x2  
  121  7:35  Overlord  
  124  7:41  Zerg Ground Armor Level 1, Zerg Missile Weapons Level 1  
  124  7:43  Drone x2  
  126  7:48  Drone  
  126  7:49  Drone  
  126  7:52  Drone  
  126  7:53  Drone  
  126  7:54  Drone  
  129  8:00  Zergling x14  
  129  8:02  Zergling x2  
  129  8:03  Centrifical Hooks  
  137  8:09  Extractor  
  136  8:13  Pneumatized Carapace  
  136  8:19  Drone x4, Queen  
  139  8:21  Spore Crawler, Drone  
  139  8:22  Overlord  
  141  8:27  Zergling x16  
  141  8:29  Overlord  
  149  8:35  Ravager  
  149  8:36  Ravager x2  
  149  8:37  Zergling x6  
  155  8:42  Zergling x10  
  160  8:49  Hatchery  
  160  8:50  Hatchery  
  160  8:51  Baneling x11  
  160  8:52  Overseer  
  160  8:53  Zergling x6  
  160  8:55  Hive  
  161  8:59  Overlord  
  161  9:00  Zergling x4  
  161  9:02  Zergling x2  
  164  9:08  Zergling x10  
  169  9:15  Overlord  
  169  9:19  Zergling x10  
  169  9:21  Zergling x8  
  178  9:26  Spore Crawler, Drone x2  
  178  9:28  Overlord  
  178  9:32  Zergling x2  
  178  9:35  Baneling x15  
  178  9:36  Zerg Melee Weapons Level 1  
  178  9:37  Zergling x10  
  183  9:45  Zerg Ground Armor Level 2  
  183  9:46  Zergling x10  
  183  9:51  Zergling x6  
  183  9:52  Zergling x10  
  194  10:07  Corruptor  
  194  10:08  Corruptor  
  194  10:11  Zergling x2, Adrenal Glands  
  199  10:19  Overseer  
  199  10:20  Overseer x2  
  199  10:24  Baneling x8  
  199  10:25  Baneling  
  199  10:38  Zergling x2  
  196  10:43  Baneling x17  
  196  10:44  Zergling x8  
  196  10:45  Zergling x4  
  196  10:48  Zergling x2  
  197  10:50  Zergling x8  
  197  10:54  Baneling x12  
  200  11:05  Zergling x4  
  200  11:06  Zergling x2  
  200  11:07  Zergling x2  
  200  11:13  Zergling x2  
  200  11:20  Baneling x10  
  200  11:23  Zergling x8  
  191  11:33  Zergling x2  
  191  11:35  Zergling x2  
  191  11:38  Zergling x2  
  167  11:40  Zergling x54  
  166  11:47  Queen  
  166  11:50  Ravager x5  
  166  11:51  Zergling x4, Baneling x17  
  166  11:52  Zergling x8  
  175  11:57  Zergling x4  
  175  12:00  Baneling x15  
  169  12:01  Zergling x2  
  169  12:06  Zergling x8  
  173  12:12  Spine Crawler  
  173  12:13  Viper  
  173  12:14  Zergling x2, Spine Crawler  
  173  12:15  Zergling x18  
  178  12:24  Zergling x6  
  178  12:27  Baneling x13  
  178  12:28  Zergling x10  
  171  12:33  Zergling x2, Hatchery  
  171  12:37  Zerg Melee Weapons Level 2  
  171  12:40  Zergling x8  
  171  12:43  Zerg Ground Armor Level 3  
  175  12:45  Zergling x16  
  175  12:46  Baneling x11  
  178  12:55  Zergling x16  
  164  13:01  Zergling x4  
  154  13:07  Zergling x6  
  154  13:11  Zergling x4  
  156  13:19  Zergling x6  
  156  13:25  Zergling x8  
  160  13:30  Pathogen Glands  
  160  13:34  Extractor  
  160  13:36  Extractor  
  160  13:37  Overlord  
  159  13:41  Zergling x10  
  159  13:45  Queen  
  159  13:46  Drone  
  166  13:51  Burrow  
  167  13:55  Zergling x6  
  167  13:56  Zergling x2  
  167  14:01  Corruptor x2  
  173  14:03  Drone x7  
  173  14:04  Drone x2  
  178  14:12  Infestor x6  
  178  14:14  Queen x3  
  178  14:15  Queen  
  180  14:27  Neural Parasite  
  180  14:29  Infestor x3  
  175  14:39  Drone x3  
  175  14:41  Spore Crawler, Zergling x2  
  175  14:42  Zergling x28  
  175  14:44  Zergling x4  
  189  14:48  Zergling x4  
  191  14:53  Infestor x3  
  194  15:08  Baneling x2  
  194  15:13  Zergling x12  
  193  15:17  Zergling x16  
  193  15:19  Zergling x4  
  198  15:21  Baneling x4  
  198  15:22  Baneling  
  198  15:24  Zergling x2  
  198  15:25  Zergling x2  
  200  15:29  Baneling  
  200  15:30  Baneling x6  
  200  15:31  Hatchery  
  184  15:35  Zergling x2  
  184  15:41  Zergling x16  
  175  15:45  Zergling x2  
  175  15:46  Zergling x6  
  175  15:48  Zergling x12  
  175  15:49  Zergling x4  
  183  15:52  Roach  
  183  15:54  Roach x2  
  186  15:57  Zergling x6  
  186  15:58  Zergling x2  
  186  16:00  Baneling x3  
  186  16:02  Zergling x2  
  186  16:03  Zergling x4  
  193  16:07  Zergling x8  
  193  16:10  Zergling x4  
  193  16:11  Zergling x2  
  178  16:15  Zergling x6  
  165  16:19  Infestor  
  165  16:21  Infestor  
  165  16:22  Infestor x2  
  164  16:27  Zergling x2  
  164  16:28  Zergling x2  
  164  16:37  Zergling x6  
Show
View Real Time Build Order
Export as new Build Order

SpeCial Terran - Winner!

Build Orders: Hellion Banshee, Mech 

Get SALT Encoding   

  12  0:01  SCV  
  13  0:13  SCV  
  14  0:18  Supply Depot  
  14  0:25  SCV  
  15  0:39  SCV  
  15  0:41  Barracks  
  16  0:43  Refinery  
  16  0:51  SCV  
  17  1:00  Barracks  
  17  1:03  SCV  
  18  1:15  SCV  
  19  1:29  Orbital Command, Reaper  
  20  1:46  Reaper  
  21  1:48  Supply Depot  
  21  1:55  SCV  
  22  2:03  Reaper  
  23  2:09  SCV  
  23  2:13  Command Center  
  24  2:18  Marine  
  24  2:21  SCV  
  26  2:24  Refinery  
  26  2:33  SCV  
  26  2:35  Marine  
  28  2:42  Marine  
  28  2:43  Factory  
  29  2:45  SCV  
  29  2:49  Supply Depot  
  30  2:58  SCV  
  31  3:10  SCV  
  32  3:15  Command Center  
  32  3:23  SCV  
  33  3:27  Orbital Command  
  33  3:31  Starport  
  33  3:36  Factory Reactor  
  33  3:37  SCV  
  34  3:49  SCV  
  34  3:53  SCV  
  36  4:01  SCV  
  37  4:06  SCV  
  37  4:09  Starport Tech Lab  
  38  4:13  SCV, Hellion x2  
  43  4:18  SCV  
  44  4:26  SCV  
  44  4:27  Refinery, Orbital Command  
  44  4:28  Refinery, Banshee  
  44  4:30  SCV, Cloaking Field  
  49  4:34  Hellion x2  
  49  4:38  SCV  
  54  4:42  SCV  
  55  4:48  Armory  
  55  4:50  SCV  
  56  4:54  SCV, Orbital Command  
  56  4:55  Hellion  
  56  4:56  Hellion  
  61  5:02  SCV  
  61  5:06  SCV  
  63  5:07  Supply Depot  
  63  5:09  Factory x2  
  63  5:11  Banshee  
  66  5:14  SCV  
  66  5:19  SCV x2  
  69  5:29  Hellion x2  
  69  5:30  Supply Depot  
  69  5:32  SCV x2  
  69  5:33  SCV  
  76  5:38  Terran Vehicle Weapons Level 1  
  76  5:44  SCV  
  77  5:50  Hyperflight Rotors  
  77  5:51  SCV  
  77  5:52  SCV  
  77  5:53  Factory Tech Lab  
  77  5:54  Factory Tech Lab  
  77  5:56  SCV  
  80  5:58  Banshee  
  80  6:04  SCV x2  
  83  6:08  SCV  
  83  6:09  Supply Depot  
  83  6:10  Supply Depot  
  85  6:11  Hellion x2  
  85  6:16  SCV  
  88  6:19  Siege Tank  
  88  6:22  Siege Tank  
  93  6:30  SCV x3  
  91  6:38  Hellion  
  91  6:39  Hellion  
  86  6:42  SCV x3, Engineering Bay  
  86  6:46  Banshee  
  92  6:50  Refinery x2  
  92  6:51  Thor  
  92  6:53  Thor, Supply Depot  
  104  6:54  SCV x2  
  104  6:57  SCV  
  106  7:05  Armory  
  106  7:06  SCV x2  
  107  7:09  SCV  
  107  7:12  Missile Turret  
  107  7:13  Missile Turret  
  107  7:14  Missile Turret  
  108  7:19  SCV x2  
  107  7:23  Hellion x2  
  107  7:24  SCV  
  107  7:28  Missile Turret  
  112  7:30  Supply Depot  
  112  7:31  SCV, Banshee  
  112  7:33  SCV  
  115  7:46  SCV  
  115  7:47  Supply Depot  
  115  7:50  Siege Tank  
  117  7:52  SCV, Terran Vehicle Weapons Level 2  
  117  7:53  Terran Vehicle And Ship Armor Level 1  
  117  7:58  Thor x2, Supply Depot, Siege Tank  
  120  7:59  SCV x2, Supply Depot, Factory  
  120  8:01  Factory  
  121  8:07  Supply Depot  
  121  8:08  Hellion  
  121  8:09  Hellion  
  125  8:16  Banshee  
  128  8:22  Supply Depot  
  128  8:23  Supply Depot, Siege Tank  
  131  8:27  Supply Depot  
  131  8:29  SCV x3  
  131  8:30  Siege Tank  
  137  8:36  Sensor Tower  
  137  8:37  Hellion x2  
  140  8:43  Supply Depot x2  
  140  8:44  SCV x2  
  140  8:46  Factory Tech Lab  
  140  8:48  Infernal Pre-Igniter  
  141  8:57  Factory Reactor  
  141  8:58  Hellion x2  
  141  8:59  Banshee  
  148  9:03  Cyclone x2  
  148  9:08  Supply Depot  
  154  9:11  SCV x2  
  156  9:18  Mag-Field Accelerator  
  156  9:20  Hellion x2  
  160  9:35  Command Center  
  160  9:38  Cyclone, Hellion x3  
  166  9:40  Cyclone  
  166  9:41  Hellion x2  
  176  9:56  Factory  
  176  9:59  Factory, Terran Vehicle And Ship Armor Level 2  
  179  10:07  Siege Tank  
  179  10:08  Hellion x2  
  179  10:09  Hellion  
  179  10:10  Hellion  
  179  10:11  Siege Tank  
  190  10:18  Terran Vehicle Weapons Level 3  
  187  10:25  Siege Tank  
  190  10:30  Hellion x3  
  190  10:31  Hellion  
  198  10:38  Command Center  
  198  10:39  Hellion  
  198  10:52  Starport Reactor  
  198  10:53  Siege Tank  
  198  10:54  Cyclone  
  200  10:58  Smart Servos  
  191  11:11  Hellion  
  191  11:13  Siege Tank x2  
  191  11:18  Planetary Fortress  
  193  11:25  Thor  
  193  11:32  Thor  
  177  11:42  Hellion x2  
  177  11:44  Thor  
  177  11:46  SCV x2  
  177  11:50  SCV  
  178  12:01  Thor  
  182  12:07  SCV  
  180  12:11  Refinery x2  
  180  12:19  Thor  
  180  12:21  Hellion  
  185  12:28  Hellion  
  178  12:30  Viking x2  
  178  12:32  Factory Tech Lab  
  178  12:33  Hellion  
  178  12:34  Hellion  
  186  12:37  Orbital Command  
  186  12:43  Command Center  
  186  12:48  Thor  
  190  12:57  Siege Tank x2  
  159  13:00  Hellion  
  159  13:02  Hellion x2  
  159  13:03  SCV  
  159  13:04  SCV x2  
  159  13:05  SCV  
  150  13:12  Terran Vehicle And Ship Armor Level 3  
  150  13:15  Siege Tank  
  150  13:18  Hellion  
  155  13:25  Viking  
  157  13:27  Siege Tank  
  160  13:37  Sensor Tower  
  160  13:38  Terran Ship Weapons Level 1  
  160  13:41  Hellion  
  162  13:50  Siege Tank  
  162  13:51  Sensor Tower  
  162  13:52  Siege Tank  
  162  13:53  Hellion  
  170  14:00  Hellion  
  172  14:03  Viking  
  172  14:04  Viking  
  172  14:06  Siege Tank  
  172  14:08  Hellion  
  172  14:09  Hellion  
  183  14:20  Siege Tank  
  183  14:23  Hellion  
  181  14:27  Hellion  
  181  14:30  SCV x3  
  182  14:31  Siege Tank  
  183  14:40  Hellion  
  183  14:43  Siege Tank  
  183  14:44  Viking x2  
  192  14:47  Hellion x2, Siege Tank  
  197  15:03  Command Center  
  193  15:21  Siege Tank  
  193  15:22  Siege Tank  
  193  15:27  Missile Turret x2  
  185  15:36  Hellion x3  
  185  15:37  Siege Tank  
  180  15:47  Viking x2  
  180  15:49  Siege Tank x2  
  190  15:51  Hellion  
  190  15:54  Hellion, Siege Tank  
  194  15:58  Planetary Fortress  
  194  16:01  Hellion  
  194  16:02  SCV  
  172  16:11  Hellion  
  172  16:13  Hellion x2  
  172  16:15  SCV  
  172  16:16  SCV  
  164  16:21  Hellion  
  164  16:24  SCV x2  
  158  16:27  SCV  
  149  16:33  Hellion  
  134  16:43  SCV  
  134  16:46  SCV  
Tags
 
Add a new tag
Caveats
  • Supply blocks, unpowered buildings, or Contaminate may cause inaccurate times.
  • Supply counts are checked every 10 seconds.